 Dungeon Crawl Stone Soup version 0.18-a0-846-g91b95b1 (webtiles) character file.

16272 Gorice the Cruncher (level 12, -22/89 HPs)
             Began as an Octopode Wanderer on Dec 20, 2015.
             Annihilated by a komodo dragon (23 damage)
             ... on level 3 of the Lair of Beasts.
             The game lasted 01:21:47 (16458 turns).

Gorice the Cruncher (Octopode Wanderer)            Turns: 16458, Time: 01:21:47

Health: -22/89     AC:  8    Str:  8    XL:     12   Next: 35%
Magic:  21/21      EV: 19    Int: 17    God:
Gold:   676        SH:  0    Dex: 17    Spells: 1 memorised, 9 levels left

rFire  . . .     SeeInvis .     a - +2 quarterstaff (protect)
rCold  . . .     Gourm    .     (shield currently unavailable)
rNeg   . . .     Faith    .     s - +2 hat
rPois  .         Spirit   .     (no amulet)
rElec  .         Dismiss  .     M - ring of magical power
rCorr  .         Reflect  .     (no ring)
SustAt .         Harm     .     (no ring)
MR     .....                    (no ring)
Stlth  ++++......               (no ring)
                                (no ring)
                                (no ring)
                                (no ring)

@: not resistant to hostile enchantments, stealthy
A: almost no armour, amphibious, 8 rings, constrict 8, camouflage 1, gelatinous
body 1
a: no special abilities


You were on level 3 of the Lair of Beasts.
You were very hungry.

You visited 3 branches of the dungeon, and saw 13 of its levels.
You also visited: Ossuary.

You collected 806 gold pieces.
You spent 130 gold pieces at shops.

Inventory:

Hand Weapons
 a - a +2 quarterstaff of protection (weapon)
   (You found it on level 2 of the Dungeon)
 b - a +0 blowgun
 f - a +0 hunting sling of flaming
   (You found it on level 9 of the Dungeon)
Missiles
 e - 7 tomahawks (quivered)
 v - 11 poisoned needles
 K - 14 sling bullets
 Y - 2 throwing nets
 Z - 370 stones
Armour
 s - a +2 hat (worn)
Magical Staves
 i - an uncursed staff of cold
Jewellery
 y - an uncursed ring of teleportation
 M - a ring of magical power (left tentacle)
Wands
 p - a wand of random effects (31/48)
 u - a wand of digging (18/24)
 E - a wand of digging (9/24)
 H - a wand of flame (16/48)
 P - a wand of polymorph (6/24)
 S - a wand of fire (5/15)
Scrolls
 l - a scroll of fear {!r}
 m - 9 scrolls of remove curse
 n - a scroll of identify
 r - 4 scrolls of blinking
 t - a scroll of fog
 B - 5 scrolls of teleportation {!r}
 D - a scroll of magic mapping {!r}
Potions
 c - a potion of lignification {!q}
 g - a potion of haste {!q}
 h - 3 potions of might {!q}
 j - 9 potions of curing
 k - 2 potions of agility {!q}
 z - 2 potions of cancellation {!q}
 A - 3 potions of invisibility {!q}
 F - 2 potions of resistance {!q}
 L - 4 potions of berserk rage
Miscellaneous
 d - a lamp of fire
 q - a sack of spiders
Comestibles
 o - 10 beef jerkies
 w - 15 fruits
 x - 6 bread rations {!e}


   Skills:
 + Level 10.9 Fighting
   Level 1.9 Short Blades
 * Level 13.6 Staves
 + Level 9.7 Dodging
 - Level 4.0 Stealth
   Level 1.0 Shields


You had 9 spell levels left.
You knew the following spells:

 Your Spells              Type           Power        Failure   Level  Hunger
a - Throw Flame           Conj/Fire      #.....       34%         2    ###....


Dungeon Overview and Level Annotations

Branches:
Dungeon (9/15)             Temple (1/1) D:7            Lair (3/8) D:8
  Swamp: Lair:3-6    Shoals: Lair:3-6     Snake: Lair:3-6    Spider: Lair:3-6
    Orc: D:9-12

Altars:
Ashenzari
Cheibriados
Dithmenos
Elyvilon
Fedhas
Gozag
Kikubaaqudgha
Makhleb
Nemelex Xobeh
Okawaru
Pakellas
Qazlal
Ru
Sif Muna
Trog
Vehumet
Xom
Yredelemnul
Zin
The Shining One

Shops:
D:4 !


Innate Abilities, Weirdness & Mutations

You cannot wear most types of armour.
You are amphibious.
You can wear up to eight rings at the same time.
You can use your tentacles to constrict eight enemies at once.
Your skin changes colour to match your surroundings (Stealth).
Your rubbery body absorbs attacks (AC +1).


Message History

There is a stone staircase leading up here.
You climb upwards.
There is a stone staircase leading down here.
Eat which item? (? for menu, Esc to quit)
Okay, then.
You start resting.
You are feeling very hungry.
Your +0 hunting sling of flaming stops flaming.
You feel protected!
a - a +2 quarterstaff of protection (weapon)
You climb downwards.
The komodo dragon closely misses you.
The komodo dragon completely misses you.
There is a stone staircase leading up here.
You thump the komodo dragon!
The komodo dragon is lightly wounded.
You sock the komodo dragon!
The komodo dragon is moderately wounded.
The komodo dragon completely misses you.
You hit the komodo dragon but do no damage.
Your squeeze misses the komodo dragon.
The komodo dragon is moderately wounded.
The komodo dragon bites you.
Damage: 2 (max 2)
You hit the komodo dragon.
The komodo dragon is moderately wounded.
You hit the komodo dragon.
The komodo dragon is heavily wounded.
The komodo dragon bites you!!
Damage: 28 (max 28)
You thump the komodo dragon!
The komodo dragon is severely wounded.
The komodo dragon barely misses you.
You hit the komodo dragon but do no damage.
The komodo dragon is heavily wounded.
You sock the komodo dragon! You squeeze the komodo dragon.
The komodo dragon is almost dead.
The komodo dragon bites you!!
* * * LOW HITPOINT WARNING * * *
Damage: 32 (max 32)
You barely miss the komodo dragon.
The komodo dragon is almost dead.
You hit the komodo dragon but do no damage.
The komodo dragon is almost dead.
The komodo dragon bites you!!
* * * LOW HITPOINT WARNING * * *
Damage: 23 (max 32)
You hit the komodo dragon but do no damage.
The komodo dragon is almost dead.
The komodo dragon bites you!!
You die...

............######........####...
...............##..........###..#
..........................#.....#
.........................####....
...........<............P# ##....
........................####.....
.....^.............(...###.#.....
.....................### ##....#.
................@...## #.....#.
................l..#######.#.....
.P.................##...####.....
#.......)................###.....
.........................#....#P.
##..........##.....P..#..###.
......P.#.#.##.##P......##..
#.P#############........... ##
###.#...[.......


You could see a komodo dragon.

Vanquished Creatures
  Pikel (D:9)
  A faun (Lair:1)
  4 elephants (Lair:1)
  2 black mambas
  6 spiny frogs
  2 komodo dragons
  A fire drake (D:8)
  4 blink frogs (Lair:1)
  13 yaks (Lair:1)
  4 spriggans (Lair:1)
  A hungry ghost (D:9)
  A hippogriff (D:9)
  10 water moccasins
  6 wolves (Lair:1)
  A steam dragon (D:7)
  6 porcupines
  3 black bears
  4 ogres
  2 orc warriors
  2 ice beasts
  A sky beast (D:8)
  5 centaurs
  5 crocodiles
  11 giant frogs
  A wyvern zombie (D:8)
  A gnoll sergeant (D:8)
  5 scorpions
  8 killer bees
  9 electric eels
  2 giant frog zombies
  5 crimson imps
  2 hounds
  4 orc wizards
  2 centaur skeletons
  6 iguanas
  2 giant frog skeletons
  3 jellies
  Ijyb (D:3)
  5 worker ants
  3 mummies (Ossuary)
  A hound skeleton (D:8)
  A worker ant zombie (D:6)
  16 river rats
  10 adders
  9 gnolls
  3 adder zombies
  An ooze (D:2)
  An adder skeleton (D:8)
  A worm (D:2)
  31 orcs
  14 bats
  A giant cockroach (D:1)
  10 goblins
  8 hobgoblins
  13 jackals
  7 kobolds
  4 quokkas
  5 giant geckos
  A giant gecko zombie (D:6)
  7 giant newts
  4 goblin zombies (Ossuary)
  3 hobgoblin zombies (Ossuary)
  2 jackal zombies
  A kobold zombie (Ossuary)
  6 quokka zombies
  5 rats
  3 rat zombies (Ossuary)
  2 plants (Lair:1)
325 creatures vanquished.

Vanquished Creatures (others)
  A slave (D:9)
  A worker ant (D:9)
  2 orcs
  A quokka (D:9)
  5 bushes (Lair:1)
  2 fungi (Lair:1)
  23 plants (Lair:1)
35 creatures vanquished.

Grand Total: 360 creatures vanquished

Notes
Turn   | Place    | Note
--------------------------------------------------------------
     0 | D:1      | Gorice the Octopode Wanderer began the quest for the Orb.
     0 | D:1      | Gorice set off with: a +2 short sword, a scroll of teleportation {!r}, a potion of lignification {!q}, a +0 dagger, a bread ration {!e}
     0 | D:1      | Reached XP level 1. HP: 17/17 MP: 1/1
   277 | D:1      | Reached XP level 2. HP: 22/22 MP: 2/2
   722 | D:2      | Reached XP level 3. HP: 19/27 MP: 3/3
   874 | D:2      | Reached skill level 1 in Staves
  1122 | D:2      | Reached XP level 4. HP: 34/34 MP: 4/4
  1324 | D:3      | Found a white marble altar of Elyvilon.
  1448 | D:3      | Noticed Ijyb
  1459 | D:3      | Killed Ijyb
  1459 | D:3      | Reached skill level 2 in Dodging
  1612 | D:3      | Found a shattered altar of Ashenzari.
  1637 | D:3      | Reached skill level 2 in Staves
  1637 | D:3      | Reached XP level 5. HP: 22/38 MP: 5/5
  1842 | D:3      | Found a glowing golden altar of the Shining One.
  2632 | D:4      | Reached skill level 3 in Staves
  2671 | D:4      | Reached skill level 5 in Fighting
  2671 | D:4      | Reached XP level 6. HP: 41/45 MP: 6/6
  2904 | D:4      | Found Asikesuc's Distillery.
  2925 | D:4      | Bought 2 potions of curing for 78 gold pieces
  2925 | D:4      | Bought a potion of might for 52 gold pieces
  3119 | D:4      | Reached skill level 3 in Dodging
  3459 | D:5      | Entered Level 5 of the Dungeon
  3475 | D:5      | Reached skill level 4 in Staves
  3657 | D:5      | Reached XP level 7. HP: 32/50 MP: 7/7
  3768 | D:5      | Found a sand-covered staircase.
  3776 | Ossuary  | Entered an ossuary
  4240 | D:5      | Reached skill level 5 in Staves
  4277 | D:5      | Reached skill level 4 in Dodging
  4397 | D:5      | Found a radiant altar of Vehumet.
  4922 | D:6      | Found a glowing golden altar of the Shining One.
  4981 | D:6      | You fall through a shaft for 3 floors!
  4985 | D:9      | Reached skill level 6 in Fighting
  4985 | D:9      | Reached XP level 8. HP: 52/57 MP: 8/8
  5047 | D:8      | Found a glowing silver altar of Zin.
  5100 | D:8      | Reached skill level 6 in Staves
  5199 | D:8      | Noticed a fire drake
  5215 | D:8      | HP: 15/57 [fire drake (4)]
  5216 | D:8      | Killed a fire drake
  5444 | D:8      | Found a staircase to the Lair.
  5490 | D:7      | Reached skill level 5 in Dodging
  5535 | D:7      | Reached skill level 7 in Staves
  5651 | D:7      | Found a snail-covered altar of Cheibriados.
  5862 | D:7      | Reached XP level 9. HP: 42/63 MP: 9/9
  5910 | D:7      | Found a staircase to the Ecumenical Temple.
  5927 | D:7      | Reached skill level 7 in Fighting
  5969 | Temple   | Entered the Ecumenical Temple
  6262 | D:6      | Found an opulent altar of Gozag.
  6273 | D:6      | Found an oddly glowing altar of Pakellas.
  6333 | D:6      | Reached skill level 8 in Staves
  6567 | D:6      | Found a shimmering altar of Xom.
  6567 | D:6      | Found a shimmering altar of Xom.
  6575 | D:6      | Found a shimmering altar of Xom.
  6576 | D:6      | Found a shimmering altar of Xom.
  6576 | D:6      | Found a shimmering altar of Xom.
  6576 | D:6      | Found a shimmering altar of Xom.
  6577 | D:6      | Found a shimmering altar of Xom.
  6826 | D:6      | HP: 16/64 [electric eel/bolt of electricity (10)]
  6839 | D:6      | Reached skill level 6 in Dodging
  7396 | D:6      | HP: 11/64 [electric eel/bolt of electricity (15)]
  8366 | D:7      | Reached skill level 9 in Staves
  9012 | D:8      | Reached skill level 8 in Fighting
  9055 | D:8      | Reached XP level 10. HP: 64/72 MP: 10/10
  9537 | D:8      | Reached skill level 7 in Dodging
  9772 | D:8      | Reached skill level 10 in Staves
  9808 | D:8      | HP: 21/72 [poisoned by a gnoll sergeant]
  9814 | D:8      | HP: 19/72 [poisoned by a gnoll sergeant]
  9819 | D:8      | HP: 18/72 [poisoned by a gnoll sergeant]
  9826 | D:8      | HP: 18/72 [poisoned by a gnoll sergeant]
  9834 | D:8      | HP: 18/72 [poisoned by a gnoll sergeant]
 10204 | D:9      | Noticed Pikel
 10232 | D:9      | Killed Pikel
 10305 | D:9      | Found a blossoming altar of Fedhas.
 11044 | Lair:1   | Entered Level 1 of the Lair of Beasts
 11241 | Lair:1   | Reached skill level 11 in Staves
 11269 | Lair:1   | Reached skill level 9 in Fighting
 11369 | Lair:1   | HP: 22/74 [yak (1)]
 11371 | Lair:1   | Reached skill level 8 in Dodging
 11655 | Lair:1   | Reached XP level 11. HP: 74/80 MP: 11/11
 11918 | Lair:1   | HP: 22/80 [elephant (7)]
 11931 | Lair:1   | HP: 10/80 [elephant (15)]
 11939 | Lair:1   | HP: 9/80 [elephant (3)]
 11990 | Lair:1   | HP: 20/80 [crocodile (1)]
 12684 | Lair:1   | HP: 24/80 [yak (11)]
 12687 | Lair:1   | Reached skill level 12 in Staves
 13176 | Lair:1   | HP: 17/81 [elephant (16)]
 13702 | Lair:1   | Reached skill level 10 in Fighting
 13755 | Lair:1   | Reached skill level 9 in Dodging
 14641 | Lair:1   | Learned a level 2 spell: Throw Flame
 14975 | Lair:2   | Reached skill level 13 in Staves
 14975 | Lair:2   | Reached XP level 12. HP: 67/88 MP: 12/12
 16455 | Lair:3   | HP: 24/89 [komodo dragon (32)]
 16457 | Lair:3   | HP: 1/89 [komodo dragon (23)]
 16458 | Lair:3   | Annihilated by a komodo dragon

Vault maps used:
D:1:      dpeg_arrival_round_b, minmay_close_crescents
D:2:      minmay_misc_feat_square
D:3:      lemuel_doored_altar, overflow_temple_1_default,
          nicolae_ashenzari_panopticon, uniq_iyjb
D:4:      serial_shops, nicolae_shop_waterfront, dk_noncrumbling_2
D:5:      marbit_many_paths, first_bread, enter_ossuary_2
D:6:      wad_lake_hut, kennysheep_mini_moat, johnstein_pakellas_death_squad,
          xom_redecorated, minmay_misc_feat_columns,
          nicolae_tso_swordbearing_angel
D:7:      minmay_temple_entry_mist, basic_altar
D:8:      kennysheep_six_static_rooms, nicolae_overflow_hidden_temple,
          minmay_lair_entry_lava, grunt_ogre_cave
D:9:      fedhas_bush_and_centaur_altar, uniq_pikel
Temple:   bh_familiar_temple
Lair:1:   wad_woods_settlement, grunt_forest_large_clearings
Lair:3:   serial_bayou_shore_a, grunt_megastairs_2
Ossuary:  ossuary_minmay_chase

Action                   |  1- 3 |  4- 6 |  7- 9 | 10-12 || total
-------------------------+-------+-------+-------+-------++-------
Melee: Short sword       |    28 |       |       |       ||    28
       Quarterstaff      |    32 |    95 |   198 |   528 ||   853
 Fire: Blowgun           |       |    43 |   107 |    79 ||   229
       Hunting sling     |       |       |    31 |    74 ||   105
Throw: Tomahawk          |       |     9 |    10 |     8 ||    27
Evoke: Wand              |       |       |       |     5 ||     5
  Use: Scroll            |     7 |     7 |     9 |     7 ||    30
       Potion            |       |       |       |     1 ||     1
 Stab: Sleeping          |    10 |    19 |    41 |    27 ||    97
       Distracted        |       |     2 |     3 |     1 ||     6
  Eat: Chunk             |     1 |     7 |    17 |    19 ||    44
       Bread ration      |       |       |       |     1 ||     1

Table legend:
 A = Turns spent in this place as a percentage of turns spent in the entire game.
 B = Non-inter-level travel turns spent in this place as a percentage of non-inter-level travel turns spent in the entire game.
 C = Inter-level travel turns spent in this place as a percentage of turns spent in this place.
 D = Turns resting spent in this place as a percentage of non-inter-level travel turns spent in this place.
 E = Turns spent auto-exploring this place as a percentage of non-inter-level travel turns spent in this place.
 F = Non-inter-level travel turns spent in this place divided by the number of levels of this place that you've seen.
                   A       B       C       D       E      F
               +-------+-------+-------+-------+-------+----------------------
         Total | 100.0 | 100.0 |   0.3 |   1.9 |   3.3 | 473.6
       Dungeon |  63.9 |  63.9 |   0.3 |   1.7 |   3.8 | 470.9
        Temple |   1.5 |   1.5 |   1.0 |   0.0 |   3.0 |  99.0
          Lair |  31.5 |  31.5 |   0.2 |   2.4 |   2.5 | 696.3
       Ossuary |   3.1 |   3.1 |   0.0 |   1.0 |   0.0 | 204.0
               +-------+-------+-------+-------+-------+----------------------

Vault maps used:
D:1:      dpeg_arrival_round_b, minmay_close_crescents
D:2:      minmay_misc_feat_square
D:3:      lemuel_doored_altar, overflow_temple_1_default,
          nicolae_ashenzari_panopticon, uniq_iyjb
D:4:      serial_shops, nicolae_shop_waterfront, dk_noncrumbling_2
D:5:      marbit_many_paths, first_bread, enter_ossuary_2
D:6:      wad_lake_hut, kennysheep_mini_moat, johnstein_pakellas_death_squad,
          xom_redecorated, minmay_misc_feat_columns,
          nicolae_tso_swordbearing_angel
D:7:      minmay_temple_entry_mist, basic_altar
D:8:      kennysheep_six_static_rooms, nicolae_overflow_hidden_temple,
          minmay_lair_entry_lava, grunt_ogre_cave
D:9:      fedhas_bush_and_centaur_altar, uniq_pikel
Temple:   bh_familiar_temple
Lair:1:   wad_woods_settlement, grunt_forest_large_clearings
Lair:3:   serial_bayou_shore_a, grunt_megastairs_2
Ossuary:  ossuary_minmay_chase
